 Dungeon Crawl Stone Soup version 0.29-a0-839-g4793fd635e (webtiles) character file.

Game seed: 3147012310983175867

1094 Essalna the Trooper (level 8, -1/62 HPs)
             Began as a Djinni Conjurer on July 14, 2022.
             Was an Initiate of Makhleb.
             Slain by a centaur (6 damage)
             ... on level 6 of the Dungeon.
             The game lasted 00:09:21 (3873 turns).

Essalna the Trooper (Djinni Conjurer)               Turns: 3873, Time: 00:09:22

Health: -1/62      AC:  5    Str: 12    XL:     8   Next: 57%
Gold:   243        EV: 12    Int: 23    God:    Makhleb [......] SH:  0 Dex: 11

rFire   + + .      SeeInvis .   c - staff of earth
rCold   x . .      Faith    .   p - orb {light}
rNeg    + . .      Spirit   .   a - +0 robe
rPois   ∞          Reflect  .   i - +0 helmet
rElec   .          Harm     .   (no cloak)
rCorr   .          Rampage  .   t - +1 pair of gloves
Will    .....                   (boots unavailable)
Stlth   +.........              s - amulet of regeneration
HPRegen 1.00/turn               b - ring of positive energy
MPRegen 0.00/turn               d - +6 ring of strength

@: mighty, flying, glowing
A: sickness immunity, fire resistance 2, cold vulnerability 1, float, innate
caster, HP casting, extra vitality 1
a: Renounce Religion


You were on level 6 of the Dungeon.
You worshipped Makhleb.
Makhleb was noncommittal.
You visited 2 branches of the dungeon, and saw 7 of its levels.

You collected 243 gold pieces.

Inventory:

Armour
 a - a +0 robe (worn)
 i - a +0 helmet (worn)
 p - an orb of light (worn)
 r - a +0 pair of gloves
 t - a +1 pair of gloves (worn)
Magical Staves
 c - a staff of earth (weapon)
Jewellery
 b - a ring of positive energy (left hand)
 d - a +6 ring of strength (right hand)
 s - an amulet of regeneration (around neck)
 y - an amulet of faith
Wands
 A - a wand of roots (10)
 I - a wand of flame (26)
Scrolls
 e - 2 scrolls of vulnerability {unknown}
 f - a scroll of fog {unknown}
 j - a scroll of teleportation {unknown}
 l - 6 scrolls of identify {unknown}
 o - a scroll of brand weapon {unknown}
 q - 3 scrolls of noise {unknown}
 v - a scroll of blinking {unknown}
 C - a scroll of immolation {unknown}
 E - a scroll of amnesia {unknown}
 F - a scroll of enchant armour {unknown}
 G - a scroll of magic mapping {unknown}
 H - a scroll of poison {unknown}
 J - a scroll of enchant weapon {unknown}
Potions
 g - a potion of curing {unknown}
 h - 2 potions of attraction {unknown}
 k - a potion of might
 m - a potion of flight {unknown}
 n - 2 potions of brilliance {unknown}
 u - a potion of haste {unknown}
 w - 2 potions of heal wounds {unknown}
 x - a potion of magic {unknown}
 z - a potion of lignification {unknown}
 B - a potion of cancellation {unknown}
 D - 2 potions of degeneration {unknown}


   Skills:
 + Level 6.6 Fighting
 - Level 2.1 Dodging
 - Level 1.5 Stealth
 + Level 6.1 Spellcasting


You couldn't memorise any spells.
You knew the following spells:

 Your Spells              Type           Power      Damage    Failure   Level
a - Magic Dart            Conj           100%       1d8       1%          1
b - Searing Ray           Conj           70%        2d7       1%          2
c - Dazzling Flash        Conj/Hex       70%        N/A       1%          3
d - Fulminant Prism       Conj/Hex       17%        3d11      7%          4
e - Iskenderun's Mystic   Conj/Tloc      35%        2d8       7%          4
f - Apportation           Tloc           70%        N/A       1%          1
g - Ensorcelled Hibernat  Hex/Ice        70%        N/A       1%          2
h - Teleport Other        Tloc           35%        N/A       1%          3
Your spell library was empty.

Dungeon Overview and Level Annotations

Branches:
Dungeon (6/15)             Temple (1/1) D:5

Altars:
Elyvilon
Fedhas
Gozag
Hepliaklqana
Makhleb
Nemelex Xobeh
Okawaru
Ru
Trog
Uskayaw
Wu Jian
Xom
Yredelemnul
Zin


Innate Abilities, Weirdness & Mutations

You are immune to sickness and miasma.
You are immune to poison.
Your flesh is very heat resistant. (rF++)
You are vulnerable to cold. (rC-)
You float through the air rather than walking.
You learn spells naturally, not from books.
Your magical power is your life essence.
You have superior vitality. (+4 MHP)


Message History

The arrow hits you. The ice beast closely misses you.
The centaur shoots an arrow.
The arrow hits you. The ice beast attacks as you move away!
The ice beast barely misses you. The ice beast hits you.
The ice beast freezes you!!
You feel a terrible chill!
The centaur shoots an arrow.
The arrow hits you.
You hear an angry hiss.
There is an open door here.
Casting: Iskenderun's Mystic Blast (dangerous; 7% risk of failure)
Confirm with . or Enter, or press ? or * to list all spells.
You erupt in a blast of force!
The mystic blast hits the black bear!
You kill the black bear!
Makhleb accepts your kill.
The mystic blast hits the ice beast!
The ice beast is heavily wounded.
The centaur shoots an arrow.
The arrow closely misses you.
An adder comes into view.
The ice beast barely misses you. The ice beast barely misses you.
Casting: Iskenderun's Mystic Blast (dangerous; 7% risk of failure)
Confirm with . or Enter, or press ? or * to list all spells.
You erupt in a blast of force!
The mystic blast hits the ice beast.
The ice beast is severely wounded.
The ice beast is knocked back by the mystic blast.
The ice beast hits you. The ice beast freezes you!
You feel a terrible chill!
* * * LOW HITPOINT WARNING * * *
The centaur unwields a +0 shortbow.
The centaur hits you.
* * * LOW HITPOINT WARNING * * *
The centaur kicks you but does no damage.
There is an open door here.
Casting: Iskenderun's Mystic Blast (dangerous; 7% risk of failure)
Confirm with . or Enter, or press ? or * to list all spells.
You don't have enough health to cast this spell.
Okay, then.
Okay, then.
It was a potion of might.
You feel very mighty all of a sudden.
The ice beast hits you but does no damage.
The centaur hits you.
You die...

#####################
.........#..........#
........Y#..........#
........c@..........#
........S#..........#
.........#(.........#
.........#...#####'##
...##...#######....#
...##...##...##)...##
..............#.....#
..............#.....#
.............##....##


You could see an ice beast, a centaur and an adder.

Vanquished Creatures
  Grinder (D:4)
  A black bear (D:6)
  An ice beast (D:5)
  A sky beast (D:6)
  2 ogres
  2 howler monkeys
  A hound (D:4)
  4 iguanas
  An orc wizard (D:4)
  6 gnolls (D:4)
  10 adders
  An ufetubus (D:5)
  7 orcs
  4 endoplasms
  5 giant cockroaches
  3 hobgoblins
  2 jackals (D:1)
  7 kobolds
  2 quokkas (D:3)
  10 ball pythons
  4 bats
  16 frilled lizards
  6 goblins
  3 rats
100 creatures vanquished.

Notes
Turn   | Place    | Note
-------+----------+-------------------------------------------
     0 | D:1      | Essalna the Djinni Conjurer began the quest for the Orb.
     0 | D:1      | Essalna set off with the following spells memorised: Magic
                  | Dart, Searing Ray, Dazzling Flash, Fulminant Prism,
                  | Iskenderun's Mystic Blast.
     0 | D:1      | Reached XP level 1. HP: 15/15 MP: 0/0
   152 | D:1      | Reached XP level 2. HP: 21/22 MP: 0/0
   169 | D:1      | Reached skill level 1 in Fighting
   416 | D:1      | Reached XP level 3. HP: 9/27 MP: 0/0
   416 | D:1      | Learned a level 1 spell: Apportation
   978 | D:2      | Found a faded altar of an unknown god.
  1320 | D:2      | Reached XP level 4. HP: 32/33 MP: 0/0
  2203 | D:3      | Reached XP level 5. HP: 40/40 MP: 0/0
  2203 | D:3      | Learned a level 2 spell: Ensorcelled Hibernation
  2508 | D:4      | Noticed Grinder
  2536 | D:4      | Killed Grinder
  2537 | D:4      | Reached XP level 6. HP: 8/48 MP: 0/0
  2608 | D:4      | Reached XP level 7. HP: 29/53 MP: 0/0
  2608 | D:4      | Learned a level 3 spell: Teleport Other
  2686 | D:4      | Reached skill level 5 in Spellcasting
  2778 | D:4      | Reached skill level 5 in Fighting
  3111 | D:5      | Entered Level 5 of the Dungeon
  3150 | D:5      | Reached XP level 8. HP: 30/61 MP: 0/0
  3377 | D:5      | Found a staircase to the Ecumenical Temple.
  3412 | Temple   | Entered the Ecumenical Temple
  3461 | Temple   | Became a worshipper of Makhleb the Destroyer
  3873 | D:6      | Slain by a centaur

Illustrated notes

Levels and vault maps discovered:
D:1:      dpeg_arrival_windows_large_door, layout_rooms, minmay_lizard_pond
D:2:      layout_basic, shapermc_ecumenical_altar_rom_forum,
          supply_closet_lemuel, hangedman_decor_growths
D:3:      layout_loops_ring
D:4:      layout_cave_pools, st_stairs_6, uniq_grinder
D:5:      layout_gridville, minmay_temple_entry_mist, nicolae_zen_rock_garden
D:6:      layout_gridville, nicolae_dithmenos_through_a_glass_darkly,
          grunt_ministairs_2
Temple:   nicolae_temple_bog_church

Skill      XL: |  1  2  3  4  5  6  7  8 |
---------------+-------------------------+-----
Fighting       | 1 2 4 5 6 |  6.6
Spellcasting   | 4 5 6 |  6.1
Dodging        | |  2.1
Stealth        | |  1.5

Action                   |  1- 3 |  4- 6 |  7- 9 || total
-------------------------+-------+-------+-------++-------
 Cast: Magic Dart        |    54 |    73 |    53 ||   180
       Searing Ray       |     2 |     4 |     9 ||    15
       Apportation       |     1 |       |       ||     1
       Iskenderun's Myst |       |     1 |    13 ||    14
  Use: Potion            |       |       |     1 ||     1
Armor: Robe              |       |     1 |     3 ||     4
Dodge: Dodged            |       |     6 |    16 ||    22

Table legend: (Time is in decaauts)
 A = Elapsed time spent in this place.
 B = Non-inter-level travel time spent in this place.
 C = Inter-level travel time spent in this place.
 D = Time resting spent in this place.
 E = Time spent auto-exploring this place.
 F = Levels seen in this place.
 G = Mean time per level.
                   A        B        C        D        E       F      G
               +--------+--------+--------+--------+--------+-----+--------+
         Total |   3870 |   3692 |    178 |      0 |   3118 |   7 |  552.9 |
       Dungeon |   3805 |   3641 |    164 |      0 |   3085 |   6 |  634.2 |
        Temple |     64 |     50 |     14 |      0 |     33 |   1 |   64.0 |
               +--------+--------+--------+--------+--------+-----+--------+

Top non-repeatable levels by time:
     D:1: 947 daAuts
     D:2: 915 daAuts
     D:4: 636 daAuts
     D:5: 631 daAuts
     D:3: 608 daAuts
     D:6: 65 daAuts
  Temple: 64 daAuts
